 Dungeon Crawl Stone Soup version 0.27-a0-1374-gc14e5d3922 (webtiles) character file.

Game seed: 8777960810454706223

2954 Lentor the Cleaver (level 9, -2/79 HPs)
             Began as a Minotaur Berserker on June 29, 2021.
             Was an Elder of Trog.
             Killed from afar by Maggie (13 damage)
             ... with a bolt of fire
             ... on level 7 of the Dungeon.
             The game lasted 00:18:44 (8016 turns).

Lentor the Cleaver (Minotaur Berserker)             Turns: 8016, Time: 00:18:46

Health: -2/79      AC:  9    Str: 25    XL:     9   Next: 52%
Magic:  8/8        EV: 11    Int: 10    God:    Trog [****..]
Gold:   127        SH:  4    Dex:  6    Spells: 8/8 levels left

rFire    . . .     SeeInvis .   A - +4 war axe of Karma {freeze, *Noise Fly rElec Dex-4}
rCold    + . .     Faith    +   l - +0 buckler
rNeg     . . .     Spirit   .   j - +0 scale mail
rPois    .         Reflect  .   (helmet restricted)
rElec    +         Harm     .   B - +0 cloak
rCorr    .         Rampage  .   (no gloves)
Will     ++...                  (no boots)
Stlth    ..........             k - amulet of faith
HPRegen  1.23/turn              t - ring of protection from cold
MPRegen  0.11/turn              u - +6 ring of intelligence

@: strong-willed, flying, mesmerised, regenerating
A: horns 2, retaliatory headbutt
a: Renounce Religion, Berserk, Trog's Hand, Brothers in Arms


You were on level 7 of the Dungeon.
You worshipped Trog.
Trog was greatly pleased with you.
You visited 2 branches of the dungeon, and saw 8 of its levels.
You also visited: Sewer.

You collected 322 gold pieces.
You spent 195 gold pieces at shops.

Inventory:

Hand Weapons
 a - a +0 vampiric hand axe
 A - the +4 war axe of Karma (weapon) {freeze, *Noise Fly rElec Dex-4}
   (You bought it in a shop on level 4 of the Dungeon)

   It has been specially enchanted to freeze those struck by it, causing extra
   injury to most foes and up to half again as much damage against particularly
   susceptible opponents.
   It can also slow down cold-blooded creatures.
   Dex:       It affects your dexterity (-4).
   rElec:     It insulates you from electricity.
   Fly:       It grants you flight.
   *Noise:    It may make noises in combat.
Missiles
 f - 7 poisoned darts
 g - 138 stones
 D - a curare-tipped dart
 I - 3 throwing nets
Armour
 j - a +0 scale mail (worn)
 l - a +0 buckler (worn)
 B - a +0 cloak (worn)
Jewellery
 k - an amulet of faith (around neck)
 m - an amulet of magic regeneration
 t - a ring of protection from cold (left hand)
 u - a +6 ring of intelligence (right hand)
 v - a +6 ring of dexterity
 w - a ring of wizardry
Wands
 G - a wand of mindburst (13)
Scrolls
 c - 2 scrolls of fear
 o - 3 scrolls of identify
 p - 5 scrolls of teleportation
 s - a scroll of summoning {unknown}
 y - 2 scrolls of magic mapping {unknown}
 z - a scroll of acquirement {unknown}
 C - a scroll of noise {unknown}
 E - a scroll of amnesia {unknown}
Potions
 b - 3 potions of curing {unknown}
 d - 4 potions of might
 e - a potion of heal wounds {unknown}
 h - 3 potions of flight
 i - a potion of invisibility {unknown}
 n - 2 potions of attraction {unknown}
 q - a potion of degeneration {unknown}
 r - a potion of lignification {unknown}
 x - a potion of haste {unknown}
 F - a potion of ambrosia {unknown}
 H - a potion of resistance {unknown}


   Skills:
 + Level 7.5 Fighting
 + Level 10.6 Axes
 + Level 8.3 Armour
 + Level 4.7 Dodging
 - Level 1.1 Stealth
 - Level 4.0 Shields


You had 8 spell levels left.
You didn't know any spells.
Your spell library was empty.

Dungeon Overview and Level Annotations

Branches:
Dungeon (7/15)             Temple (1/1) D:6           Sewer (visited)

Altars:
Ashenzari
Cheibriados
Dithmenos
Elyvilon
Fedhas
Gozag
Hepliaklqana
Kikubaaqudgha
Makhleb
Nemelex Xobeh
Okawaru
Qazlal
Ru
Sif Muna
Trog
Uskayaw
Vehumet
Wu Jian
Xom
Yredelemnul
Zin
The Shining One

Shops:
D:4 (   D:5 (

Annotations:
D:7 Maggie


Innate Abilities, Weirdness & Mutations

You have a pair of horns on your head.
You reflexively headbutt those who attack you in melee.


Message History

Found the Incunabulum of the Unstable Entourage.
Your skin crawls.
You feel strong-willed. Maggie closely misses your ogre.
Your ogre hits the cyclops with a +0 giant club!!
The iguana bites your ogre. The cyclops barely misses your ogre.
You block Maggie's attack.
Your ogre hits the cyclops with a +0 giant club!!
The iguana bites your ogre!
Your ogre barely misses the cyclops.
The cyclops hits you!! Maggie closely misses you. You furiously retaliate!
You headbutt Maggie, but do no damage. You hit the cyclops.
You freeze the cyclops.
You headbutt the cyclops, but do no damage.
The cyclops is severely wounded.
You closely miss Maggie.
The iguana bites your ogre but does no damage.
Your ogre hits the iguana with a +0 giant club!!
The iguana dies!
Trog accepts your kill. Maggie hits you with a +0 halberd.
You hit the cyclops. You freeze the cyclops.
The cyclops is almost dead.
You hit Maggie but do no damage. The cyclops hits you.
Your ogre hits the cyclops with a +0 giant club!!!
The cyclops dies!
Trog accepts your kill.
Maggie casts a spell.
Maggie draws you further into her thrall.
You completely miss Maggie.
Your ogre hits Maggie with a +0 giant club!!!
Maggie casts a spell at you. The bolt of fire hits you!!
* * * LOW HITPOINT WARNING * * *
Your scale mail prevents you from hitting Maggie.
Your headbutt misses Maggie.
Maggie is almost dead.
Your ogre barely misses Maggie.
Maggie points at you and mumbles some strange words.
The bolt of fire hits you!
You die...

........# ...
.......#
#...........:# ......
......# #.....
#.....#
#.....##.....#
..?.....(@...#
........O@.$.#
..............).....+
..................$.#
..............).....#
....................#
....................#
....................#
...................(+
....................#


You could see Maggie (mesmerising, ally target) and a friendly ogre (summoned,
berserk).

Vanquished Creatures
  3 water moccasins
  Duvessa (D:6)
  2 orc warriors
  A sky beast (D:5)
  2 ogres
  A necrophage (D:6)
  2 phantoms (D:6)
  A kobold brigand (D:6)
  A bullfrog (D:6)
  Dowan (D:6)
  2 scorpions
  A wyvern skeleton (D:6)
  The ghost of crabbyslav the Skirmisher, a weakling HOFi of Yredelemnul (D:3)
  A water moccasin skeleton (D:5)
  3 wights (D:4)
  2 jellies
  A bullfrog skeleton (D:6)
  A hound (D:5)
  A gnoll shaman (D:4)
  Crazy Yiuf (D:2)
  5 iguanas
  2 orc wizards
  5 gnolls (D:4)
  13 adders
  A white imp (D:6)
  An ufetubus (D:5)
  3 worms
  5 dart slugs
  4 orcs
  6 ball pythons
  3 endoplasms
  3 giant cockroaches
  2 goblins
  9 hobgoblins
  29 jackals
  9 kobolds
  5 quokkas
  9 bats
  4 frilled lizards
  A quokka skeleton (D:4)
  6 rats
154 creatures vanquished.

Vanquished Creatures (collateral kills)
  Harold (D:7)
  A cyclops (D:7)
  A black bear (D:7)
  An iguana (D:7)
  A howler monkey zombie (D:7)
5 creatures vanquished.

Vanquished Creatures (others)
  5 fungi (D:2)
5 creatures vanquished.

Grand Total: 164 creatures vanquished

Notes
Turn   | Place    | Note
-------+----------+-------------------------------------------
     0 | D:1      | Lentor the Minotaur Berserker began the quest for the Orb.
     0 | D:1      | Reached XP level 1. HP: 19/19 MP: 0/0
   283 | D:1      | Reached skill level 4 in Axes
   283 | D:1      | Reached XP level 2. HP: 22/27 MP: 1/1
  1414 | D:2      | Reached XP level 3. HP: 27/33 MP: 2/2
  1509 | D:2      | Found a faded altar of an unknown god.
  1643 | D:2      | Reached ** piety under Trog
  1928 | D:2      | Reached XP level 4. HP: 22/41 MP: 3/3
  2246 | D:2      | Reached skill level 5 in Axes
  2591 | D:2      | Found a runed translucent door.
  2592 | D:2      | Noticed Crazy Yiuf
  2602 | D:2      | Killed Crazy Yiuf
  2603 | D:2      | Reached skill level 1 in Shields
  2609 | D:2      | HP: 2/41 [poisoned by Crazy Yiuf]
  3171 | D:3      | Found a burning altar of Makhleb.
  3171 | D:3      | Noticed a balrug
  3174 | D:3      | Noticed an orange demon
  3174 | D:3      | Noticed a neqoxec
  3408 | D:3      | Reached XP level 5. HP: 36/47 MP: 4/4
  3518 | D:3      | Found a large runed translucent door.
  3519 | D:3      | Found a large runed translucent door.
  3519 | D:3      | Noticed crabbyslav's ghost (weakling HOFi)
  3532 | D:3      | Killed crabbyslav's ghost
  3876 | D:4      | Found Yre Goes's Antique Weapon Emporium.
  3979 | D:4      | Reached *** piety under Trog
  3995 | D:4      | Reached XP level 6. HP: 48/55 MP: 5/5
  4017 | D:4      | Reached skill level 5 in Fighting
  4017 | D:4      | Reached skill level 6 in Axes
  4021 | D:4      | Found a glowing drain.
  4034 | Sewer    | Entered a sewer
  4248 | Sewer    | Reached **** piety under Trog
  4383 | D:4      | Noticed a water moccasin
  4388 | D:4      | Killed a water moccasin
  4389 | D:4      | Reached XP level 7. HP: 41/61 MP: 6/6
  4764 | D:4      | Reached skill level 5 in Armour
  5043 | D:5      | Entered Level 5 of the Dungeon
  5043 | D:5      | Found Illaetic's Weapon Shoppe.
  5129 | D:5      | Found Osoploos's Magic Scroll Emporium.
  5137 | D:5      | Reached skill level 7 in Axes
  5315 | D:5      | Reached skill level 1 in Stealth
  5471 | D:5      | Reached XP level 8. HP: 52/70 MP: 7/7
  6014 | D:4      | Bought a pitted war axe for 195 gold pieces
  6014 | D:4      | Identified the +4 war axe of Karma {freeze, *Noise Fly
                  | rElec Dex-4} (You bought it in a shop on level 4 of the
                  | Dungeon)
  6147 | D:6      | Reached skill level 8 in Axes
  6715 | D:6      | Noticed Dowan
  6715 | D:6      | Noticed Duvessa
  6723 | D:6      | Killed Duvessa
  6730 | D:6      | Killed Dowan
  6731 | D:6      | Reached skill level 9 in Axes
  7082 | D:6      | Reached XP level 9. HP: 73/78 MP: 8/8
  7086 | D:6      | Reached ***** piety under Trog
  7181 | D:6      | Found a staircase to the Ecumenical Temple.
  7187 | Temple   | Entered the Ecumenical Temple
  7854 | D:7      | Noticed Harold
  7861 | D:7      | Killed Harold
  7862 | D:7      | Reached skill level 10 in Axes
  8006 | D:7      | Noticed a cyclops
  8006 | D:7      | Noticed Maggie
  8014 | D:7      | Killed a cyclops
  8016 | D:7      | Killed from afar by Maggie

Illustrated notes

Levels and vault maps discovered:
D:1:      tarquinn_simple_flora_water_e, layout_loops_corners
D:2:      layout_loops_ring, shapermc_ecumenical_altar_notcrosses,
          minmay_circled_x, uniq_crazy_yiuf_cottage
D:3:      layout_basic, makhleb_altar_promises_db, ebering_ghost_disaster_area,
          serial_park_tiny_1
D:4:      layout_basic, cheibrodos_sewer_entry_sluice, serial_shops,
          nicolae_shop_trees
D:5:      layout_loops_cross, serial_shops, shop, nicolae_shop_stone
D:6:      layout_loops_cross, minmay_temple_entry_enclosed_plants, uniq_duvessa
D:7:      layout_gridville, uniq_harold, uniq_maggie, uniq_joseph
Temple:   compressed_dpeg_triangle_lava_temple

Skill      XL: |  1  2  3  4  5  6  7  8  9 |
---------------+----------------------------+-----
Axes           | 4 5 6 7 9 10 | 10.6
Fighting       | 4 5 6 7 |  7.5
Armour         | 3 4 5 7 8 |  8.3
Shields        | 1 2 3 4 |  4.0
Dodging        | 3 4 |  4.7
Stealth        | 1 |  1.1

Action                   |  1- 3 |  4- 6 |  7- 9 || total
-------------------------+-------+-------+-------++-------
Melee: Hand axe          |    84 |   155 |   103 ||   342
       Headbutt          |    12 |    31 |    25 ||    68
       War axe           |       |       |    94 ||    94
Invok: Trog's Hand       |       |     2 |     3 ||     5
       Berserk           |       |     2 |     1 ||     3
       Brothers in Arms  |       |       |     2 ||     2
  Use: Scroll            |       |     6 |     1 ||     7
       Potion            |       |     1 |       ||     1
Armor: Animal skin       |     5 |       |       ||     5
       Scale mail        |    16 |    82 |    55 ||   153
Dodge: Dodged            |    44 |    92 |    76 ||   212
Block: Buckler           |     6 |    26 |    29 ||    61

Table legend: (Time is in decaauts)
 A = Elapsed time spent in this place.
 B = Non-inter-level travel time spent in this place.
 C = Inter-level travel time spent in this place.
 D = Time resting spent in this place.
 E = Time spent auto-exploring this place.
 F = Levels seen in this place.
 G = Mean time per level.
                   A        B        C        D        E       F      G
               +--------+--------+--------+--------+--------+-----+--------+
         Total |   8167 |   7692 |    475 |    646 |   5810 |   9 |  907.4 |
       Dungeon |   7430 |   6981 |    449 |    638 |   5423 |   7 | 1061.4 |
        Temple |    341 |    315 |     26 |      0 |    314 |   1 |  341.0 |
         Sewer |    396 |    396 |      0 |      7 |     73 |   1 |  396.0 |
               +--------+--------+--------+--------+--------+-----+--------+

Top non-repeatable levels by time:
     D:2: 1683 daAuts
     D:1: 1395 daAuts
     D:6: 1207 daAuts
     D:4: 1081 daAuts
     D:5: 939 daAuts
     D:3: 889 daAuts
   Sewer: 396 daAuts
  Temple: 341 daAuts
     D:7: 232 daAuts
